AoeStats
← Dragon

Arena

505541187Analyzed
1v1 RM · 23d ago on Sep 9, 2026· 44m 40s· 2 players
Game mode
Random Map
Map size
Tiny (2 player)
Population
200
Speed
Normal
Resources
Standard
Victory
Conquest
Starting age
Dark Age
Ending age
Imperial Age
RankedLock teamsTeams togetherTeam positionsShared explorationLock speedFull tech treeHidden civsTurbo modeCheats
Victory
Defeat
🇹🇼 Burgundians · Taiwan
1301
+14
🇩🇪 Saracens · Germany
1257
-14
Dragon
10:59 Feudal Age
15:05 Castle Age
13:55 Horse Collar
14:01 Double-Bit Axe
23:23 Loom
26:08 Heavy Plow
26:21 Bow Saw
27:57 Wheelbarrow
31:09 Imperial Age
28:59 Scale Barding Armor
29:05 Forging
29:20 Bloodlines
30:16 Husbandry
30:16 Gold Mining
31:13 Chain Barding Armor
32:21 Iron Casting
32:22 Conscription
31:53 Elite Mameluke
33:12 Plate Barding Armor
33:48 Devotion
34:17 Light Cavalry
35:07 Hussar
37:24 Blast Furnace
44:28 Elite Skirmisher
Feather
3:27 Double-Bit Axe
6:54 Horse Collar
11:14 Feudal Age
13:04 Bow Saw
15:21 Castle Age
15:44 Light Cavalry
19:00 Wheelbarrow
23:42 Gold Mining
24:22 Stone Mining
25:18 Hand Cart
24:49 Loom
24:50 Town Watch
25:08 Padded Archer Armor
27:55 Imperial Age
26:40 Two-Man Saw
26:12 Leather Archer Armor
26:02 Scale Mail Armor
25:51 Treadmill Crane
26:37 Fletching
27:03 Chain Mail Armor
26:59 Forging
27:53 Bodkin Arrow
28:45 Stone Shaft Mining
29:11 Iron Casting
29:18 Devotion
30:50 Chemistry
31:41 Blast Furnace
31:14 Bracer
30:48 Elite Skirmisher
31:55 Conscription
31:57 Heavy Plow
33:05 Gold Shaft Mining
33:54 Plate Mail Armor
35:29 Scale Barding Armor
36:04 Burgundian Vineyards
39:00 Squires
39:37 Pikeman
40:03 Arson
41:19 Hoardings
41:09 Masonry
41:20 Ballistics
40:56 Murder Holes
42:25 Husbandry
42:56 Halberdier
43:06 Hussar
Connection lost

Rejoining the realm…

Still unreachable

The connection could not be restored.

Session expired

The server has moved on; the page needs a fresh start.